 Dungeon Crawl Stone Soup version 0.21-a0-349-g0c35859 (webtiles) character file.

108 Kidiri the Magician (level 4, -5/24 HPs)
             Began as a Deep Elf Earth Elementalist on Oct 7, 2017.
             Blown up by Ijyb (21 damage)
             ... with a wand of disintegration (?/24)
             ... on level 3 of the Dungeon.
             The game lasted 00:08:05 (2643 turns).

Kidiri the Magician (Deep Elf Earth Elementalist)   Turns: 2643, Time: 00:08:06

Health: -5/24      AC:  2    Str:  5    XL:     4   Next: 58%
Magic:  7/13       EV: 13    Int: 21    God:
Gold:   221        SH:  0    Dex: 15    Spells: 3/13 levels left

rFire    . . .     SeeInvis .   k - +2 dagger
rCold    . . .     Gourm    .   (no shield)
rNeg     . . .     Faith    .   c - +0 robe
rPois    .         Spirit   .   (no helmet)
rElec    .         Reflect  .   (no cloak)
rCorr    .         Harm     .   (no gloves)
MR       .....                  (no boots)
Stlth    ++........             (no amulet)
HPRegen  0.08/turn              (no ring)
MPRegen  0.13/turn              (no ring)

@: no status effects
A: no striking features
a: no special abilities


You were on level 3 of the Dungeon.
You were hungry.

You visited 1 branch of the dungeon, and saw 3 of its levels.

You collected 221 gold pieces.

Inventory:

Hand Weapons
 k - a +2 dagger (weapon)
Missiles
 b - 112 stones (quivered)
Armour
 c - a +0 robe (worn)
Scrolls
 l - a scroll of noise {unknown}
 m - a scroll of remove curse {unknown}
 n - a scroll of identify {unknown}
Potions
 a - a potion of brilliance {unknown}
 f - a potion of degeneration {unknown}
 g - 2 potions of lignification {unknown}
 h - 2 potions of curing {unknown}
 j - 2 potions of magic {unknown}
Books
 e - a book of Geomancy

   Spells                             Type                      Level
   a - Sandblast                      Earth                        1
   b - Passwall                       Transmutation/Earth          2
   c - Stone Arrow                    Conjuration/Earth            3
   d - Petrify                        Transmutation/Earth          4
   e - Lee's Rapid Deconstruction     Earth                        5
Comestibles
 d - 3 bread rations
 i - 2 meat rations


   Skills:
 - Level 2.4 Dodging
 - Level 2.4 Stealth
 * Level 5.0 Spellcasting
 + Level 0.3 Conjurations
 + Level 1.3 Transmutations
 * Level 4.7 Earth Magic


You had 3 spell levels left.
You knew the following spells:

 Your Spells              Type           Power        Failure   Level  Hunger
a - Sandblast             Erth           ####..       1%          1    None
b - Passwall              Tmut/Erth      ###.......   4%          2    None
c - Stone Arrow           Conj/Erth      ###...       12%         3    ##.....
d - Petrify               Tmut/Erth      ###.....     30%         4    ####...


Dungeon Overview and Level Annotations

Branches:
Dungeon (3/15)

Altars:

Annotations:
D:3 Ijyb


Message History

f - a murky sapphire potion You see here a dagger.
There isn't anything to butcher here.
You start resting.
You feel sick. x5
You are feeling hungry.
You start resting.
You feel sick.
You are no longer poisoned.
You start resting.
Ijyb the Twisted Goblin comes into view.
She is wielding a dagger.
Ijyb is nearby!
Unknown command.
Casting: Sandblast
Confirm with . or Enter, or press ? or * to list all spells.
Aiming: Petrify
Press: ? - help, Shift-Dir - straight line, f - Ijyb
Aim: Ijyb, wielding a dagger and wearing a leather armour (chance to defeat MR: 57%) Ijyb resists with significant effort.
Ijyb zaps a wand.
You are blasted!
Ouch! That really hurt!
You die...

#.##.#.## #...# #.##.#[#
.## #...######.#..#.#
... #............##.#
.##.###....#.#.#.<....#
....g...........##.#####
................##.# #
#...............##.# #
#@...........# #
#)..#####.##.# #
#.#.#####.##.### #
#...##.>.......# #
#...##.##.##.#.# #
#............#.###
..###..........).. ...#
#........#.... ...#
#....ยงยงยง.#####


You could see Ijyb.

Vanquished Creatures
  Jessica (D:2)
  2 adders
  3 worms (D:2)
  A dart slug (D:2)
  A leopard gecko (D:3)
  2 giant cockroaches (D:2)
  7 goblins
  6 hobgoblins
  4 jackals (D:2)
  A quokka (D:2)
  9 bats
  4 frilled lizards
  5 kobolds
  4 rats
  A fungus (D:2)
51 creatures vanquished.

Notes
Turn   | Place    | Note
-------+----------+-------------------------------------------
     0 | D:1      | Kidiri the Deep Elf Earth Elementalist began the quest for the Orb.
     0 | D:1      | Reached XP level 1. HP: 10/10 MP: 6/6
   230 | D:1      | Reached XP level 2. HP: 14/15 MP: 3/8
   968 | D:2      | Learned a level 2 spell: Passwall
  1178 | D:2      | Reached skill level 4 in Spellcasting
  1522 | D:2      | Reached XP level 3. HP: 19/19 MP: 6/10
  1527 | D:2      | Learned a level 3 spell: Stone Arrow
  1875 | D:2      | Noticed Jessica
  1878 | D:2      | Killed Jessica
  1878 | D:2      | Reached XP level 4. HP: 24/24 MP: 9/12
  1884 | D:2      | Learned a level 4 spell: Petrify
  2611 | D:3      | Reached skill level 5 in Spellcasting
  2642 | D:3      | Noticed Ijyb
  2643 | D:3      | Blown up by Ijyb

Vault maps used:
D:1:      shiori_arrival_oz, corexii_leaking_fountain, st_stairs_8
D:2:      minmay_gold_behind_fungi, uniq_jessica
D:3:      uniq_ijyb

Skill      XL: |  1  2  3  4 |
---------------+-------------+-----
Spellcasting   | 4 5 |  5.0
Earth Magic    | 4 |  4.7
Dodging        | |  2.4
Stealth        | |  2.4
Conjurations   | |  0.3
Transmutations | |  1.3

Action                   |  1- 3 |  4- 6 || total
-------------------------+-------+-------++-------
Melee: Unarmed           |     1 |       ||     1
       Dagger            |    73 |    20 ||    93
       Short sword       |    17 |       ||    17
 Cast: Sandblast         |    30 |    12 ||    42
       Stone Arrow       |     1 |     2 ||     3
       Petrify           |       |     1 ||     1
  Use: Scroll            |     2 |     3 ||     5
 Stab: Sleeping          |     8 |     2 ||    10
  Eat: Chunk             |     3 |     2 ||     5
Armor: Robe              |    16 |     1 ||    17
Dodge: Dodged            |    62 |    15 ||    77

Table legend:
 A = Spawn XP
 B = Non-spawn XP
 C = Spawn XP percentage of total XP
 D = Spawn monster count
 E = Non-spawn monster count
 F = Spawn count percentage of total count
 G = Total turns spent on level
                    A         B        C        D         E        F      G
               +---------+---------+-------+---------+---------+-------+---------
         Total |       0 |     155 |   0.0 |       0 |      50 |   0.0 |  2643
               +---------+---------+-------+---------+---------+-------+---------
           D:1 |       0 |      20 |   0.0 |       0 |      14 |   0.0 |   998
           D:2 |       0 |     113 |   0.0 |       0 |      31 |   0.0 |  1498
           D:3 |       0 |      22 |   0.0 |       0 |       5 |   0.0 |   147
               +---------+---------+-------+---------+---------+-------+---------
